 Dungeon Sprint DCSS version 0.26-a0-1147-g3780a7a11b (webtiles) character file.

Game seed: 16088842220998016120

11689 rocky1 the Thaumaturge (level 11, -6/92 HPs)
             Began as a Gnoll Earth Elementalist on Dec 23, 2020.
             Was the Champion of Sif Muna.
             Mangled by an orc knight
             ... wielding a +0 great mace
              (51 damage)
             ... in the Dungeon (Sprint VII: "The Pits").
             The game lasted 00:19:45 (2829 turns).

rocky1 the Thaumaturge (Gnoll Earth Elementalist)   Turns: 2829, Time: 00:19:46

Health: -6/92      AC: 13    Str: 10    XL:     11   Next: 81%
Magic:  26/26      EV: 24    Int: 22    God:    Sif Muna [******]
Gold:   0          SH:  0    Dex: 17    Spells: 20/33 levels left

rFire    . . .     SeeInvis .   s - +2 scimitar "Umput" {venom, rC++ Dex+2}
rCold    + + .     Faith    .   (no shield)
rNeg     . . .     Spirit   .   m - +5 ring mail
rPois    .         Reflect  .   c - +0 helmet
rElec    .         Harm     .   (no cloak)
rCorr    .         Rampage  .   (no gloves)
Will     .....     NoTele   +   (no boots)
Stlth    ++++......             (no amulet)
HPRegen  0.25/turn              p - +3 ring of evasion
MPRegen  0.20/turn              q - +3 ring of evasion

@: sleeping
A: distributed training, fangs 1, strong nose
a: Renounce Religion, Channel Magic, Forget Spell, Divine Exegesis


You were in the Dungeon.
You worshipped Sif Muna.
Sif Muna was exalted by your worship.
You visited 1 branch

Inventory:

Hand Weapons
 n - a +2 war axe of freezing
 o - a +4 quarterstaff of speed
 s - the +2 scimitar "Umput" (weapon) {venom, rC++ Dex+2}
   (You found it in the Dungeon)

   It poisons the flesh of those it strikes.
   It affects your dexterity (+2).
   It greatly protects you from cold.
 t - a +2 vorpal morningstar
Missiles
 b - 21 stones (quivered)
 u - 4 boomerangs of dispersal
Armour
 c - a +0 helmet (worn)
 m - a +5 ring mail (worn)
Jewellery
 p - a +3 ring of evasion (left hand)
 q - a +3 ring of evasion (right hand)
Scrolls
 i - a scroll of blinking
 j - 3 scrolls of remove curse
 k - 5 scrolls of amnesia
 l - a scroll of summoning
Potions
 a - a potion of invisibility
 d - 7 potions of curing
 e - 9 potions of heal wounds
 f - 4 potions of haste
 g - a potion of magic
 h - a potion of berserk rage
 r - 2 potions of mutation


   Skills:
 + Level 10.8 Fighting
 + Level 10.8 Short Blades
 + Level 10.8 Long Blades
 + Level 10.8 Axes
 + Level 10.8 Maces & Flails
 + Level 10.8 Polearms
 + Level 10.8 Staves
 + Level 10.8 Slings
 + Level 10.8 Bows
 + Level 10.8 Crossbows
 + Level 10.8 Throwing
 + Level 10.8 Armour
 + Level 11.6 Dodging
 + Level 11.5 Stealth
 + Level 10.8 Shields
 + Level 10.8 Unarmed Combat
 + Level 11.7 Spellcasting
 + Level 9.1 Conjurations
 + Level 9.1 Hexes
 + Level 9.1 Summonings
 + Level 9.1 Necromancy
 + Level 9.1 Translocations
 + Level 9.4 Transmutations
 + Level 9.1 Fire Magic
 + Level 9.1 Ice Magic
 + Level 9.1 Air Magic
 + Level 10.6 Earth Magic
 + Level 9.1 Poison Magic
 + Level 11.6 Invocations
 + Level 10.8 Evocations


You had 20 spell levels left.
You knew the following spells:

 Your Spells              Type           Power        Failure   Level
a - Sandblast             Erth           100%         1%          1
b - Stone Arrow           Conj/Erth      100%         1%          3
c - Petrify               Tmut/Erth      54%          1%          4
d - Lee's Rapid Deconstr  Erth           28%          3%          5

Your spell library contained the following spells:

 Spells                   Type           Power        Failure   Level
 Animate Skeleton         Necr           100%         1%          1
 Corona                   Hex            57%          1%          1
 Foxfire                  Conj/Fire      100%         1%          1
 Corpse Rot               Necr/Air       N/A          1%          2
 Ensorcelled Hibernation  Hex/Ice        100%         1%          2
 Passwall                 Tmut/Erth      45%          1%          2
 Searing Ray              Conj           100%         1%          2
 Slow                     Hex            52%          1%          2
 Wereblood                Tmut           53%          1%          2
 Call Canine Familiar     Summ           52%          1%          3
 Confusing Touch          Hex            52%          1%          3
 Dazzling Flash           Conj/Hex       100%         1%          3
 Mephitic Cloud           Conj/Pois/Air  52%          1%          3
 Spider Form              Tmut/Pois      26%          1%          3
 Summon Guardian Golem    Hex/Summ       52%          1%          3
 Vampiric Draining        Necr           26%          1%          3
 Dispel Undead            Necr           52%          2%          4
 Fulminant Prism          Conj/Hex       26%          2%          4
 Summon Lightning Spire   Summ/Air       52%          2%          4
 Bolt of Magma            Conj/Fire/Erth 26%          5%          5
 Iskenderun's Battlesphe  Conj           52%          7%          5
 Lightning Bolt           Conj/Air       26%          7%          5
 Silence                  Hex/Air        26%          7%          5
 Summon Mana Viper        Hex/Summ       52%          7%          5
 Hydra Form               Tmut           26%          32%         6
 Simulacrum               Ice/Necr       26%          36%         6
 Starburst                Conj/Fire      26%          36%         6
 Malign Gateway           Summ/Tloc      26%          90%         7
 Spellforged Servitor     Conj/Summ      26%          90%         7
 Summon Greater Demon     Summ           26%          90%         7
 Borgnjor's Revivificati  Necr           26%          100%        8
 Necromutation            Tmut/Necr      26%          100%        8
 Dragon's Call            Summ           26%          100%        9


Dungeon Overview and Level Annotations

Branches:
Dungeon (1/1)

Altars:
Ashenzari
Cheibriados
Dithmenos
Elyvilon
Fedhas
Gozag
Hepliaklqana
Kikubaaqudgha
Makhleb
Nemelex Xobeh
Okawaru
Qazlal
Ru
Sif Muna
Trog
Uskayaw
Vehumet
Wu Jian
Xom
Yredelemnul
Zin
The Shining One
Beogh
Jiyva
Lugonu


Innate Abilities, Weirdness & Mutations

Your experience applies equally to all skills.
You have very sharp teeth.
Your uncanny sense of smell can sniff out nearby items.


Message History

You barely miss the orc knight. Your bite misses the orc knight.
The orc knight is moderately wounded.
The orc knight hits you with a +0 great mace.
The dream sheep bleats!
You hit the orc knight but do no damage.
The orc knight is poisoned.
The orc knight is moderately wounded.
The orc knight hits you with a +0 great mace!
You slash the orc knight!
The orc knight looks as sick as possible!
Your punch misses the orc knight.
The orc knight is moderately wounded.
The dream sheep shake their wool and sparkle.
You feel drowsy...
You fall asleep.
The dream sheep bleats!
The orc knight completely misses you. The warg closely misses you.
The orc knight hits you with a +0 great mace!!!
Ouch! That really hurt!
You die...

#....##).)...##...### ∆∆∆∆∆∆∆
#...##...#).##......## ∆∆∆∆ ###
#.)##.(.##..#........##∆ ###..Y.
#..#[..##...+)).......# #..m.yY.
#..'..##....###.......##........
#(##..#.......###......#S.....o.
###...(.......†.##.....#........
#....#)...####..##....#).......
#..#..##[.##..##@oYoY.Y.#∆.....o
#.###..##.'....'.h#.)....##+
###.##..#.##..##..#........#
##..†'..+..####...##...##### ∆∆∆
#....#..##.........##.##∆∆∆∆∆∆∆∆∆
#######################


You could see an orc knight (extremely poisoned), a warg, an orc warrior
(strong) and 3 dream sheep.

Vanquished Creatures
  An eidolon (D)
  A sixfirhy (D)
  A shadow wraith (D)
  A deep troll (D)
  A bog body (D)
  An orc knight (D)
  Pikel (D)
  A deep elf mage (D)
  2 cyclopes (D)
  An elephant (D)
  A black mamba (D)
  An orange demon (D)
  A cane toad (D)
  2 rime drakes (D)
  A freezing wraith (D)
  A komodo dragon (D)
  A jumping spider (D)
  A merfolk (D)
  A snapping turtle (D)
  2 dream sheep (D)
  2 spriggans (D)
  2 shadows (D)
  4 redbacks (D)
  A steam dragon (D)
  A warg (D)
  4 vampire mosquitoes (D)
  A soldier ant (D)
  3 floating eyes (D)
  4 orc warriors (D)
  A sky beast (D)
  2 ice beasts (D)
  A wolf (D)
  An ogre (D)
  A scorpion (D)
  A crimson imp (D)
  A quasit (D)
  3 orc priests (D)
  An iron imp (D)
  2 orc wizards (D)
  A hell rat (D)
  A white imp (D)
  An ufetubus (D)
  2 leopard geckos (D)
  5 orcs (D)
  A giant cockroach (D)
  A goblin (D)
  3 hobgoblins (D)
  A jackal (D)
  A kobold (D)
  2 quokkas (D)
  2 ball pythons (D)
  A frilled lizard (D)
  A giant cockroach zombie (D)
82 creatures vanquished.

Notes
Turn   | Place    | Note
-------+----------+-------------------------------------------
     0 | D        | rocky1 the Gnoll Earth Elementalist began the quest for the
                  | Orb.
     0 | D        | Reached XP level 1. HP: 13/13 MP: 6/6
    18 | D        | Found a bloodstained altar of Trog.
    18 | D        | Found a shimmering blue altar of Sif Muna.
    18 | D        | Found a viscous altar of Jiyva.
    18 | D        | Found a hazy altar of Hepliaklqana.
    18 | D        | Found an opulent altar of Gozag.
    19 | D        | Found a glowing golden altar of the Shining One.
    19 | D        | Found a glowing silver altar of Zin.
    19 | D        | Found a basalt altar of Yredelemnul.
    19 | D        | Found a shimmering altar of Xom.
    19 | D        | Found an ornate altar of the Wu Jian Council.
    19 | D        | Found a sacrificial altar of Ru.
    19 | D        | Found a stormy altar of Qazlal.
    19 | D        | Found an iron altar of Okawaru.
    19 | D        | Found a sparkling altar of Nemelex Xobeh.
    19 | D        | Found a burning altar of Makhleb.
    19 | D        | Found a blossoming altar of Fedhas.
    19 | D        | Found a white marble altar of Elyvilon.
    19 | D        | Found a shadowy altar of Dithmenos.
    19 | D        | Found a snail-covered altar of Cheibriados.
    21 | D        | Found a radiant altar of Vehumet.
    21 | D        | Found a corrupted altar of Lugonu.
    21 | D        | Found a roughly hewn altar of Beogh.
    58 | D        | Found an ancient bone altar of Kikubaaqudgha.
    58 | D        | Found a hide-covered altar of Uskayaw.
    58 | D        | Found a broken altar of Ashenzari.
    59 | D        | Became a worshipper of Sif Muna the Loreminder
    78 | D        | Reached skill level 5 in Spellcasting
    78 | D        | Reached skill level 1 in Invocations
    84 | D        | Reached * piety under Sif Muna
    85 | D        | Reached skill level 1 in Fighting
    85 | D        | Reached skill level 1 in Short Blades
    85 | D        | Reached skill level 1 in Long Blades
    85 | D        | Reached skill level 1 in Axes
    85 | D        | Reached skill level 1 in Maces & Flails
    85 | D        | Reached skill level 1 in Polearms
    85 | D        | Reached skill level 1 in Staves
    85 | D        | Reached skill level 1 in Slings
    85 | D        | Reached skill level 1 in Bows
    85 | D        | Reached skill level 1 in Crossbows
    85 | D        | Reached skill level 1 in Throwing
    85 | D        | Reached skill level 1 in Armour
    85 | D        | Reached skill level 1 in Shields
    85 | D        | Reached skill level 1 in Unarmed Combat
    85 | D        | Reached skill level 1 in Evocations
    92 | D        | Reached XP level 2. HP: 6/21 MP: 5/8
   306 | D        | Reached ** piety under Sif Muna
   307 | D        | Reached skill level 1 in Conjurations
   307 | D        | Reached skill level 1 in Hexes
   307 | D        | Reached skill level 1 in Summonings
   307 | D        | Reached skill level 1 in Necromancy
   307 | D        | Reached skill level 1 in Translocations
   307 | D        | Reached skill level 1 in Fire Magic
   307 | D        | Reached skill level 1 in Ice Magic
   307 | D        | Reached skill level 1 in Air Magic
   307 | D        | Reached skill level 1 in Poison Magic
   393 | D        | Noticed an ice beast
   394 | D        | Noticed a sky beast
   394 | D        | Noticed a wolf
   394 | D        | Noticed a floating eye
   403 | D        | Killed an ice beast
   403 | D        | Reached *** piety under Sif Muna
   404 | D        | Reached skill level 5 in Dodging
   404 | D        | Reached skill level 5 in Stealth
   404 | D        | Reached XP level 3. HP: 20/29 MP: 1/10
   404 | D        | Reached XP level 4. HP: 24/35 MP: 1/11
   406 | D        | Killed a wolf
   406 | D        | Paralysed by a floating eye for 3 turns
   407 | D        | Reached XP level 5. HP: 14/42 MP: 10/13
   412 | D        | Killed a floating eye
   413 | D        | Reached XP level 6. HP: 17/49 MP: 10/15
   617 | D        | Killed a sky beast
   617 | D        | Reached **** piety under Sif Muna
   618 | D        | Reached skill level 5 in Invocations
   645 | D        | Learned a level 3 spell: Stone Arrow
   650 | D        | Learned a level 4 spell: Petrify
   656 | D        | Learned a level 5 spell: Lee's Rapid Deconstruction
   657 | D        | Noticed a deep elf mage
   666 | D        | Killed a deep elf mage
   667 | D        | Reached skill level 5 in Conjurations
   667 | D        | Reached skill level 5 in Hexes
   667 | D        | Reached skill level 5 in Summonings
   667 | D        | Reached skill level 5 in Necromancy
   667 | D        | Reached skill level 5 in Translocations
   667 | D        | Reached skill level 5 in Transmutations
   667 | D        | Reached skill level 5 in Fire Magic
   667 | D        | Reached skill level 5 in Ice Magic
   667 | D        | Reached skill level 5 in Air Magic
   667 | D        | Reached skill level 5 in Poison Magic
   667 | D        | Reached XP level 7. HP: 58/58 MP: 18/18
   851 | D        | Noticed a steam dragon
   854 | D        | Killed a steam dragon
   855 | D        | Reached XP level 8. HP: 57/64 MP: 10/20
   920 | D        | Reached ***** piety under Sif Muna
   920 | D        | Identified Sif Muna's Grimoire of Destructive Darkness (Sif
                  | Muna gifted it to you in the Dungeon)
   920 | D        | Received a gift from Sif Muna
   978 | D        | Noticed a komodo dragon
   978 | D        | Noticed an orc knight
   995 | D        | Killed a komodo dragon
  1004 | D        | Killed an orc knight
  1005 | D        | Reached XP level 9. HP: 40/72 MP: 10/22
  1239 | D        | Got the +2 scimitar "Umput" {venom, rC++ Dex+2}
  1416 | D        | Noticed a death yak
  1441 | D        | Noticed Pikel
  1441 | D        | Noticed a rime drake
  1443 | D        | Killed Pikel
  1450 | D        | Killed a rime drake
  1533 | D        | Noticed a cyclops
  1536 | D        | Killed a cyclops
  1536 | D        | Identified Ceeladour's Reference Book on Attacks (Sif Muna
                  | gifted it to you in the Dungeon)
  1536 | D        | Received a gift from Sif Muna
  1537 | D        | Reached XP level 10. HP: 82/82 MP: 7/23
  1794 | D        | Paralysed by a floating eye for 4 turns
  1826 | D        | Noticed a deep troll
  1830 | D        | Killed a deep troll
  1831 | D        | Reached skill level 10 in Dodging
  1831 | D        | Reached skill level 10 in Spellcasting
  1833 | D        | Killed a shadow wraith
  1834 | D        | Reached skill level 10 in Stealth
  1893 | D        | Identified Sif Muna's Catalogue of Ensnaring Feathers (Sif
                  | Muna gifted it to you in the Dungeon)
  1893 | D        | Received a gift from Sif Muna
  1915 | D        | Noticed an elephant
  1924 | D        | Reached skill level 10 in Invocations
  1941 | D        | Killed an elephant
  2048 | D        | Noticed a cyclops
  2050 | D        | Killed a cyclops
  2051 | D        | Noticed an orange demon
  2056 | D        | Killed an orange demon
  2056 | D        | Identified Sif Muna's Disquisition on the Escort and
                  | Intoxication (Sif Muna gifted it to you in the Dungeon)
  2056 | D        | Received a gift from Sif Muna
  2078 | D        | Reached XP level 11. HP: 53/89 MP: 4/25
  2316 | D        | Noticed a sixfirhy
  2318 | D        | Identified Sif Muna's Reference Book on Air and Stolen
                  | Souls (Sif Muna gifted it to you in the Dungeon)
  2318 | D        | Received a gift from Sif Muna
  2318 | D        | Killed a sixfirhy
  2319 | D        | Reached skill level 10 in Fighting
  2319 | D        | Reached skill level 10 in Short Blades
  2319 | D        | Reached skill level 10 in Long Blades
  2319 | D        | Reached skill level 10 in Axes
  2319 | D        | Reached skill level 10 in Maces & Flails
  2319 | D        | Reached skill level 10 in Polearms
  2319 | D        | Reached skill level 10 in Staves
  2319 | D        | Reached skill level 10 in Slings
  2319 | D        | Reached skill level 10 in Bows
  2319 | D        | Reached skill level 10 in Crossbows
  2319 | D        | Reached skill level 10 in Throwing
  2319 | D        | Reached skill level 10 in Armour
  2319 | D        | Reached skill level 10 in Shields
  2319 | D        | Reached skill level 10 in Unarmed Combat
  2319 | D        | Reached skill level 10 in Earth Magic
  2319 | D        | Reached skill level 10 in Evocations
  2637 | D        | Identified Duurph's Incunabulum of Calling and Hexes (Sif
                  | Muna gifted it to you in the Dungeon)
  2637 | D        | Received a gift from Sif Muna
  2640 | D        | Noticed a bog body
  2645 | D        | Killed a bog body
  2667 | D        | Reached ****** piety under Sif Muna
  2715 | D        | Noticed an eidolon
  2723 | D        | Killed an eidolon
  2723 | D        | Identified Pattunt's Catalogue of Captivating Moulding (Sif
                  | Muna gifted it to you in the Dungeon)
  2723 | D        | Received a gift from Sif Muna
  2816 | D        | Noticed an orc knight
  2829 | D        | Mangled by an orc knight

Illustrated notes

Levels and vault maps discovered:
D:        pitsprint [storerooms_1, entrance_room_1, metal_vault_7, armoury_1,
          mini_pit_1, grid_room_1, main_hall_1, silver_pit, the_coven_1,
          the_vestibule_1, steel_vault_1, golden_pit, hallway_of_sentries,
          crystal_vault_3, iron_vault_2, final_vault]

Skill      XL: |  1  2  3  4  5  6  7  8  9 10 11 |
---------------+----------------------------------+-----
Transmutations | 2 3 4 5 6 7 8 9 |  9.4
Spellcasting   | 5 6 7 8 9 10 11 | 11.7
Invocations    | 1 3 4 6 8 9 10 11 | 11.6
Fighting       | 1 3 4 6 7 8 9 10 | 10.8
Short Blades   | 1 3 4 6 7 8 9 10 | 10.8
Long Blades    | 1 3 4 6 7 8 9 10 | 10.8
Axes           | 1 3 4 6 7 8 9 10 | 10.8
Maces & Flails | 1 3 4 6 7 8 9 10 | 10.8
Polearms       | 1 3 4 6 7 8 9 10 | 10.8
Staves         | 1 3 4 6 7 8 9 10 | 10.8
Slings         | 1 3 4 6 7 8 9 10 | 10.8
Bows           | 1 3 4 6 7 8 9 10 | 10.8
Crossbows      | 1 3 4 6 7 8 9 10 | 10.8
Throwing       | 1 3 4 6 7 8 9 10 | 10.8
Armour         | 1 3 4 6 7 8 9 10 | 10.8
Shields        | 1 3 4 6 7 8 9 10 | 10.8
Unarmed Combat | 1 3 4 6 7 8 9 10 | 10.8
Evocations     | 1 3 4 6 7 8 9 10 | 10.8
Conjurations   | 2 3 5 6 7 8 9 |  9.1
Hexes          | 2 3 5 6 7 8 9 |  9.1
Summonings     | 2 3 5 6 7 8 9 |  9.1
Necromancy     | 2 3 5 6 7 8 9 |  9.1
Translocations | 2 3 5 6 7 8 9 |  9.1
Fire Magic     | 2 3 5 6 7 8 9 |  9.1
Ice Magic      | 2 3 5 6 7 8 9 |  9.1
Air Magic      | 2 3 5 6 7 8 9 |  9.1
Poison Magic   | 2 3 5 6 7 8 9 |  9.1
Dodging        | 5 6 7 8 9 10 11 | 11.6
Stealth        | 5 6 7 8 9 10 11 | 11.5
Earth Magic    | 6 7 8 9 10 | 10.6

Action                   |  1- 3 |  4- 6 |  7- 9 | 10-12 || total
-------------------------+-------+-------+-------+-------++-------
Melee: Quarterstaff      |    18 |    15 |    30 |       ||    63
       Bite              |     1 |     1 |     7 |    10 ||    19
       Scimitar          |       |       |     6 |    65 ||    71
       Punch             |       |       |     1 |     6 ||     7
       War axe           |       |       |       |    27 ||    27
 Cast: Sandblast         |    13 |     5 |     3 |     1 ||    22
       Stone Arrow       |       |       |     7 |     4 ||    11
       Lee's Rapid Decon |       |       |     9 |    43 ||    52
Invok: Divine Exegesis   |       |       |     2 |       ||     2
       Channel Magic     |       |       |       |     3 ||     3
  Use: Potion            |       |     2 |     2 |     3 ||     7
 Stab: Sleeping          |       |     1 |       |       ||     1
       Invisible         |       |       |     4 |       ||     4
Armor: Robe              |     3 |       |       |       ||     3
       Ring mail         |     2 |     3 |    10 |    16 ||    31
Dodge: Dodged            |    18 |     3 |    12 |    98 ||   131
       Rpst.: Scimitar   |       |       |       |    21 ||    21

Table legend: (Time is in decaauts)
 A = Elapsed time spent in this place.
 B = Non-inter-level travel time spent in this place.
 C = Inter-level travel time spent in this place.
 D = Time resting spent in this place.
 E = Time spent auto-exploring this place.
 F = Levels seen in this place.
 G = Mean time per level.
                   A        B        C        D        E       F      G
               +--------+--------+--------+--------+--------+-----+--------+
         Total |   2881 |   2881 |      0 |   1876 |      0 |   1 | 2881.0 |
       Dungeon |   2881 |   2881 |      0 |   1876 |      0 |   1 | 2881.0 |
               +--------+--------+--------+--------+--------+-----+--------+

Top non-repeatable levels by time:
       D: 2881 daAuts
